 Dungeon Crawl Stone Soup version 0.19.0-19-g8c6edcc (webtiles) character file.

86 kuniqs the Vexing (level 4, -1/23 HPs)
             Began as a Vine Stalker Arcane Marksman on Nov 15, 2016.
             Was an Initiate of Elyvilon.
             Killed from afar by an orc wizard (6 damage)
             ... with a magic dart
             ... on level 3 of the Dungeon.
             The game lasted 00:06:29 (2957 turns).

kuniqs the Vexing (Vine Stalker Arcane Marksman)    Turns: 2957, Time: 00:06:30

Health: -1/23      AC:  5    Str:  8    XL:     4   Next: 49%
Magic:  0/6        EV: 13    Int: 13    God:    Elyvilon [......]
Gold:   66         SH:  0    Dex: 18    Spells: 2 memorised, 2 levels left

rFire  . . .     SeeInvis .     u - +0 dagger (venom)
rCold  . . .     Gourm    .     a - +0 robe
rNeg   . . .     Faith    .     (no shield)
rPois  .         Spirit   +     (no helmet)
rElec  .         Reflect  .     (no cloak)
rCorr  .         Harm     .     (no gloves)
MR     .....     Rnd*Tele +     o - +0 pair of boots
Stlth  ++........               (no amulet)
                                w - +3 ring of dexterity
                                e - -5 ring of strength (curse)

@: no status effects
A: fangs 2, slimy green scales 1, blurry vision 1, regeneration 1, teleportitis
1, magic shield, antimagic bite, no device heal 3, rot immunity, subdued magic 1
a: Renounce Religion


You were on level 3 of the Dungeon.
You worshipped Elyvilon.
Elyvilon was noncommittal.
You were not hungry.

You visited 1 branch of the dungeon, and saw 3 of its levels.

You collected 66 gold pieces.

Inventory:

Hand Weapons
 u - a +0 dagger of venom (weapon)
Missiles
 c - 3 javelins (quivered)
 d - 2 throwing nets
Armour
 a - a +0 robe (worn)
 o - a +0 pair of boots (worn)
Jewellery
 e - a cursed -5 ring of strength (left hand)
 m - an uncursed ring of wizardry
 w - a +3 ring of dexterity (right hand)
Scrolls
 g - a scroll of blinking {unknown}
 i - a scroll of teleportation
 j - a scroll of remove curse {unknown}
 n - a scroll of magic mapping
 p - 2 scrolls of amnesia {unknown}
 v - a scroll of enchant armour {unknown}
Books
 b - a book of Debilitation

   Spells                             Type                      Level
   a - Corona                         Hexes                        1
   b - Slow                           Hexes                        2
   c - Gell's Gravitas                Hexes/Translocation          3
   d - Inner Flame                    Hexes/Fire                   3
   e - Cause Fear                     Hexes                        4
   f - Leda's Liquefaction            Hexes/Earth                  4
Comestibles
 f - 2 bread rations
 h - a meat ration
 l - 3 chunks of flesh
 s - a slice of pizza


   Skills:
 - Level 2.0 Fighting
 + Level 1.5 Short Blades
 - Level 1.7 Throwing
 + Level 2.8 Dodging
 - Level 1.1 Spellcasting
 - Level 3.0 Hexes


You had 2 spell levels left.
You knew the following spells:

 Your Spells              Type           Power        Failure   Level  Hunger
a - Corona                Hex            #......      8%          1    ##.....
b - Slow                  Hex            #.......     12%         2    ###....


Dungeon Overview and Level Annotations

Branches:
Dungeon (3/15)

Altars:
Elyvilon
Qazlal


Innate Abilities, Weirdness & Mutations

You have extremely sharp teeth.
Your natural rate of healing is unusually fast.
When hurt, damage is shared between your health and your magic reserves.
Your bite disrupts and absorbs the magic of your enemies.
Potions and wands cannot restore your health.
You are immune to rotting.
You are partially covered in slimy green scales. (AC +2)
Scrolls take you a little longer to read.
You are occasionally teleported next to monsters.
Your spells are a little easier to cast, but a little less powerful.


Message History

The orc wizard hits you but does no damage.
You barely miss the orc wizard. The orc misses you.
The orc wizard completely misses you.
You hit the orc wizard but do no damage.
The orc wizard looks even sicker.
Your bite misses the orc wizard. The orc hits you but does no damage.
The orc wizard points at you and mumbles some strange words.
The puff of frost hits you!
You hit the orc wizard. The orc barely misses you.
The orc wizard hits you with a dagger.
* * * LOW HITPOINT WARNING * * *
The orc shouts!
You hit the orc wizard.
The orc wizard looks as sick as possible!
The orc wizard closely misses you.
You aren't carrying any potions.
You hit the orc wizard.
The orc wizard gestures at you while chanting.
The magic dart hits you!
You die...

# #.# .# #.#
###.# #.# #...#
#.# #.######o#
#### #.#
#)##)ooo.# ..#
#.# #.##.# #.###
#.# #.# ###.##.#
#.o...###.#####.#
.......#
#....@oo.)....#
..<.####
#######.#######
##### #... #####


You could see an orc wizard and 2 orcs.

Vanquished Creatures
  2 adders (D:2)
  An ooze (D:2)
  A worm (D:1)
  2 dart slugs (D:2)
  A leopard gecko (D:1)
  3 orcs (D:3)
  2 giant cockroaches (D:1)
  8 goblins
  4 hobgoblins
  3 jackals (D:1)
  7 kobolds
  2 quokkas (D:2)
  2 ball pythons
  2 bats
  5 frilled lizards (D:2)
  A leopard gecko zombie (D:2)
  6 rats
52 creatures vanquished.

Notes
Turn   | Place    | Note
-------+----------+-------------------------------------------
     0 | D:1      | kuniqs the Vine Stalker Arcane Marksman began the quest for the Orb.
     0 | D:1      | Reached XP level 1. HP: 9/9 MP: 3/3
    53 | D:1      | Reached skill level 1 in Fighting
   289 | D:1      | Reached XP level 2. HP: 14/14 MP: 4/4
   668 | D:1      | Learned a level 2 spell: Slow
  1104 | D:2      | Found a faded altar of an unknown god.
  1298 | D:1      | Reached XP level 3. HP: 13/18 MP: 2/5
  1390 | D:2      | Found a stormy altar of Qazlal.
  1392 | D:2      | Noticed a fire elemental
  1393 | D:2      | Noticed an earth elemental
  1393 | D:2      | Noticed an air elemental
  1393 | D:2      | Noticed a water elemental
  2022 | D:2      | Reached skill level 1 in Short Blades
  2519 | D:2      | Gained mutation: Your natural rate of healing is unusually fast. [Vine Stalker growth]
  2519 | D:2      | Reached XP level 4. HP: 22/23 MP: 6/6
  2697 | D:3      | Found a white marble altar of Elyvilon.
  2705 | D:3      | Became a worshipper of Elyvilon the Healer
  2733 | D:3      | Gained mutation: Scrolls take you a little longer to read. [potion of mutation]
  2733 | D:3      | Gained mutation: You are partially covered in slimy green scales. (AC +2) [potion of mutation]
  2733 | D:3      | Gained mutation: You are occasionally teleported next to monsters. [potion of mutation]
  2734 | D:3      | Gained mutation: Your spells are a little easier to cast, but a little less powerful. [potion of mutation]
  2957 | D:3      | Killed from afar by an orc wizard

Skill      XL: |  1  2  3 |
---------------+----------+-----
Fighting       | 1 2 |  2.0
Dodging        | 2 |  2.8
Short Blades   | 1 |  1.5
Throwing       | |  1.7
Spellcasting   | |  1.1
Hexes          | |  3.0

Action                   |  1- 3 |  4- 6 || total
-------------------------+-------+-------++-------
Melee: Unarmed           |    12 |       ||    12
       Bite              |    16 |    12 ||    28
       Spear             |    75 |       ||    75
       Club              |     3 |       ||     3
       Dagger            |    33 |    60 ||    93
Throw: Javelin           |     9 |       ||     9
 Cast: Slow              |     9 |       ||     9
       Corona            |     6 |       ||     6
  Use: Potion            |     2 |     5 ||     7
       Scroll            |       |     2 ||     2
 Stab: Sleeping          |     3 |       ||     3
  Eat: Chunk             |     6 |     2 ||     8
Armor: Robe              |    15 |    11 ||    26
Dodge: Dodged            |    71 |    41 ||   112
